Map: Blackpink LE

Players

Namshar - Winner!

  • Race: Zerg Zerg
  • Spawn Location: 7:00

JonSnow

  • Race: Zerg Zerg
  • Spawn Location: 1:00

Event: WCS Leipzig 2018

VOD

Have the link to the VOD?

Description

Time

  • Played on: Jan. 26, 2018, 11:21 a.m.
  • Length: 10:36

All games in this series

Show
View Real Time Build Order
Export as new Build Order

Namshar Zerg - Winner!

Build Orders: Hatch First, Zergling Baneling 

Get SALT Encoding   

  12  0:00  Drone  
  13  0:12  Overlord  
  13  0:17  Drone  
  14  0:30  Drone x2  
  14  0:34  Drone  
  17  0:50  Hatchery  
  17  0:53  Drone  
  17  0:56  Drone  
  18  1:02  Extractor  
  17  1:11  Spawning Pool  
  17  1:15  Drone  
  17  1:17  Drone  
  18  1:29  Drone  
  19  1:42  Overlord  
  19  1:49  Drone  
  20  1:58  Queen  
  22  2:02  Zergling x4  
  22  2:04  Queen  
  22  2:05  Metabolic Boost  
  26  2:10  Drone  
  26  2:13  Drone  
  28  2:23  Drone  
  28  2:25  Drone  
  30  2:32  Zergling x2  
  30  2:37  Hatchery  
  30  2:45  Zergling x2  
  30  2:46  Baneling Nest  
  30  2:49  Overlord  
  30  2:52  Drone  
  30  2:56  Drone  
  32  3:03  Zergling x2  
  33  3:12  Drone x4  
  37  3:15  Queen  
  39  3:21  Drone  
  39  3:22  Overlord  
  39  3:30  Zergling x4  
  41  3:35  Baneling  
  41  3:36  Baneling  
  41  3:40  Zergling x2  
  41  3:41  Zergling x8  
  46  3:43  Zergling x2  
  46  3:44  Baneling  
  47  3:49  Baneling x2  
  47  3:51  Queen  
  47  3:54  Overlord  
  49  3:59  Queen  
  49  4:07  Baneling x2  
  48  4:16  Zergling x2  
  48  4:17  Zergling x14  
  50  4:19  Baneling  
  50  4:25  Zergling x8  
  45  4:39  Baneling  
  45  4:41  Baneling  
  45  4:45  Drone x8  
  50  4:51  Drone  
  49  5:05  Queen  
  49  5:06  Overlord  
  51  5:08  Drone  
  51  5:09  Drone  
  51  5:10  Baneling x2  
  51  5:11  Zergling x2  
  51  5:12  Zergling x2  
  51  5:13  Drone  
  56  5:15  Drone  
  56  5:18  Drone  
  58  5:24  Zergling x8  
  56  5:35  Drone x4  
  58  5:47  Drone  
  58  5:48  Drone x7  
  64  5:53  Evolution Chamber  
  64  5:54  Drone x2  
  65  5:57  Baneling x2  
  63  6:10  Zergling x6  
  65  6:12  Drone  
  65  6:13  Drone  
  65  6:14  Drone  
  65  6:15  Drone x3  
  70  6:24  Zergling x14  
  73  6:27  Zerg Missile Weapons Level 1  
  73  6:31  Extractor x2  
  73  6:32  Roach Warren  
  70  6:34  Drone x2  
  67  6:54  Zergling x2  
  67  6:55  Zergling x10  
  67  6:56  Baneling x4  
  71  7:06  Zergling x2  
  71  7:07  Zergling x2  
  73  7:11  Overlord  
  73  7:12  Overlord x4  
  71  7:18  Baneling  
  71  7:19  Overlord  
  71  7:22  Drone x4  
  74  7:23  Extractor, Overlord  
  66  7:37  Zergling x10  
  66  7:38  Baneling x2  
  66  7:39  Baneling x2  
  66  7:43  Roach x5  
  80  7:46  Zergling x2, Roach  
  80  7:47  Zergling x4  
  81  8:01  Lair  
  81  8:05  Extractor  
  79  8:09  Roach x3  
  84  8:22  Hatchery  
  84  8:25  Roach  
  85  8:29  Roach x5  
  88  8:38  Roach x3  
  92  8:46  Roach  
  92  8:47  Roach x3  
  100  8:54  Roach  
  100  8:55  Roach  
  102  8:56  Zergling x4  
  102  9:00  Glial Reconstitution  
  104  9:09  Overlord x2  
  104  9:21  Overlord x2  
  104  9:24  Roach x2  
  104  9:25  Roach x3  
  114  9:33  Roach x3  
  114  9:34  Overlord  
  119  9:39  Roach x2  
  123  9:50  Roach x6  
  135  10:00  Roach x5  
  135  10:02  Overlord  
  144  10:09  Roach x4  
  144  10:14  Roach x2  
Show
View Real Time Build Order
Export as new Build Order

JonSnow Zerg 

Build Orders: Hatch First, Zergling Baneling 

Get SALT Encoding   

  12  0:00  Drone  
  13  0:13  Overlord  
  13  0:17  Drone  
  14  0:31  Drone x2  
  14  0:35  Drone  
  17  0:52  Hatchery  
  17  0:56  Drone  
  17  0:59  Drone  
  17  1:04  Extractor  
  17  1:12  Spawning Pool  
  17  1:15  Drone  
  17  1:20  Drone  
  18  1:28  Drone  
  19  1:44  Overlord  
  19  1:51  Drone  
  20  1:59  Queen  
  22  2:02  Zergling x2  
  22  2:03  Queen  
  22  2:04  Zergling x2, Metabolic Boost  
  26  2:11  Zergling x2  
  27  2:17  Drone  
  27  2:22  Drone  
  29  2:33  Hatchery  
  29  2:36  Drone  
  29  2:45  Drone  
  29  2:46  Baneling Nest  
  29  2:47  Drone  
  29  2:50  Drone  
  31  2:55  Overlord  
  32  3:20  Zergling x20  
  41  3:28  Zergling x2  
  41  3:39  Zergling x4  
  43  3:42  Baneling x3  
  43  3:44  Overlord  
  43  3:46  Zergling x2  
  43  3:47  Zergling x4  
  46  3:53  Baneling x2  
  46  4:01  Zergling x8  
  49  4:03  Baneling x2  
  49  4:07  Baneling  
  44  4:17  Zergling x2  
  44  4:18  Zergling x14  
  49  4:26  Zergling x8  
  49  4:29  Zergling x2  
  47  4:31  Drone  
  47  4:36  Drone  
  44  4:40  Drone  
  41  4:49  Baneling  
  41  4:50  Baneling  
  41  4:51  Drone x3  
  41  4:56  Baneling  
  41  4:57  Baneling  
  41  5:08  Baneling  
  41  5:12  Drone x5  
  47  5:14  Drone  
  47  5:28  Drone x5  
  43  5:30  Drone  
  43  5:35  Zergling x4  
  41  5:39  Zergling x2  
  39  5:47  Drone x2  
  39  5:53  Baneling  
  39  5:54  Baneling  
  38  6:06  Zergling x2  
  38  6:07  Zergling x10  
  38  6:08  Baneling x3  
  44  6:17  Zergling x6  
  42  6:24  Zergling x2  
  42  6:25  Zergling x2  
  39  6:27  Baneling  
  38  6:34  Baneling  
  38  6:35  Zergling x6  
  41  6:40  Zergling x2  
  41  6:41  Zergling x2  
  41  6:48  Zergling x6  
  41  6:49  Baneling x2  
  41  6:51  Zergling x2  
  42  7:01  Zergling x8  
  43  7:04  Baneling  
  43  7:05  Baneling x2  
  43  7:07  Zergling x2  
  44  7:10  Baneling  
  44  7:14  Zergling x4  
  43  7:19  Zergling x2  
  43  7:20  Baneling  
  43  7:22  Queen  
  42  7:29  Zergling x4  
  46  7:30  Zergling x2  
  46  7:34  Zergling x4  
  46  7:36  Baneling x2  
  47  7:42  Zergling x2  
  48  7:51  Zergling x6  
  47  7:58  Zergling x6  
  46  8:00  Baneling x2  
  44  8:09  Baneling  
  44  8:10  Zergling x6  
  44  8:11  Queen  
  48  8:18  Zergling x6  
  50  8:22  Extractor  
  50  8:26  Drone x3  
  48  8:38  Drone  
  48  8:39  Drone x2  
  48  8:40  Queen  
  53  8:51  Zergling x10  
  57  9:03  Overlord x2  
  57  9:04  Baneling x4  
  57  9:10  Overlord  
  57  9:15  Overlord  
  57  9:24  Zergling x6  
  57  9:25  Zergling x2  
  57  9:29  Zergling x2  
  62  9:43  Zergling x14  
  69  9:50  Baneling x8  
  69  9:51  Baneling  
  69  9:52  Baneling  
  68  9:58  Baneling  
  68  10:02  Zergling x10  
  68  10:04  Baneling  
  71  10:08  Zergling x2  
  71  10:09  Zergling x2  
  71  10:12  Zergling x2  
  71  10:13  Zergling x2  
  75  10:14  Baneling  
Tags
 
Add a new tag
Caveats
  • Supply blocks, unpowered buildings, or Contaminate may cause inaccurate times.
  • Supply counts are checked every 10 seconds.